[Event "Titled Tuesday Blitz March 21 Late 2023"]
[White "Pniaczek, Marek"]
[Black "Tregubov, Pavel V."]
[WhiteFideId "21800421"]
[BlackFideId "4115341"]
[WhiteElo "2138"]
[BlackElo "2425"]
[Result "1/2-1/2"]
[Round "09"]
[TimeControl "180+2"]
[Date "2023.03.21"]
[WhiteClock "0:00:03"]
[BlackClock "0:01:00"]

1. e4 c5 2. Nf3 e6 3. d4 cxd4 4. Nxd4 Nf6 5. Nc3 Nc6 6. Nxc6 bxc6 7. e5 Nd5 8. Ne4 Qc7 9. f4 Qb6 10. c4 Bb4+ 11. Ke2 f5 12. exf6 Nxf6 13. Be3 Qd8 14. Nd6+ Bxd6 15. Qxd6 Bb7 16. Rg1 c5 17. g4 Ne4 18. Qe5 O-O 19. Bg2 d6 20. Qxe6+ Kh8 21. Bxe4 Re8 22. Qxe8+ Qxe8 23. Bxb7 Rb8 24. Bd5 Rxb2+ 25. Kf3 Rxh2 26. Rh1 Rc2 27. Rxh7+ Kxh7 28. Be4+ Kg8 29. Bxc2 Qe7 30. Be4 Qh4 31. Bd5+ Kf8 32. Bf2 Qh3+ 33. Bg3 Qh6 34. Rb1 Qf6 35. Rb8+ Ke7 36. Rb7+ Kd8 37. g5 Qc3+ 38. Kg4 g6 39. Rb3 Qc2 40. Rb8+ Kc7 41. Rb7+ Kc8 42. Rf7 Qe2+ 43. Bf3 Qxc4 44. Rf6 Qd3 45. Be1 c4 46. Ba5 c3 47. Rf7 c2 48. Rc7+ Kb8 49. Rb7+ Kc8 50. Rc7+ Kb8 51. Rb7+ Kc8 52. Rc7+ 1/2-1/2


[Site "https://www.chess.com"]

[Event "Titled Tuesday Blitz March 21 Late 2023"]
[White "Diaz Perez, Michel Alejandro"]
[Black "Bochnicka, Vladimir"]
[WhiteFideId "3517179"]
[BlackFideId "14943450"]
[WhiteElo "2333"]
[BlackElo "2094"]
[Result "1-0"]
[Round "09"]
[TimeControl "180+2"]
[Date "2023.03.21"]
[WhiteClock "0:00:52"]
[BlackClock "0:00:07"]

1. Nf3 c5 2. c4 Nc6 3. Nc3 g6 4. g3 Bg7 5. Bg2 e5 6. O-O Nge7 7. d3 O-O 8. a3 a5 9. Rb1 d6 10. Nd5 h6 11. b3 Kh7 12. Nd2 Be6 13. Bb2 Rb8 14. e3 b5 15. f4 bxc4 16. dxc4 Nf5 17. Qe2 a4 18. g4 Nh4 19. f5 gxf5 20. gxf5 Bxf5 21. Rxf5 Nxf5 22. Be4 Qg5+ 23. Kh1 Kh8 24. Rg1 Qh4 25. Bxf5 axb3 26. Ne4 Ne7 27. Rg4 Qh5 28. Nxe7 Rfe8 29. Ng3 Qh3 30. Rxg7 1-0


[Site "https://www.chess.com"]

[Event "Titled Tuesday Blitz March 21 Late 2023"]
[White "Papasimakopoulos, Alexandros"]
[Black "Todev, Simeon"]
[WhiteFideId "4244125"]
[BlackFideId "2925133"]
[WhiteElo "2359"]
[BlackElo "1938"]
[Result "1-0"]
[Round "09"]
[TimeControl "180+2"]
[Date "2023.03.21"]
[WhiteClock "0:02:14"]
[BlackClock "0:02:06"]

1. d4 d5 2. c4 c6 3. cxd5 cxd5 4. Bf4 Nf6 5. Nc3 Nc6 6. e3 Bf5 7. Qb3 Na5 8. Qa4+ Bd7 9. Qc2 e6 10. Nf3 Bb4 11. Bd3 O-O 12. O-O Rc8 13. Ne5 Nc6 14. Bg5 Be7 15. Bxf6 Bxf6 16. Bxh7+ Kh8 17. Nxc6 bxc6 18. Bd3 c5 19. dxc5 Rxc5 20. Qe2 g6 21. Rac1 Qc7 22. Qf3 Rc8 23. Qxf6+ 1-0


[Site "https://www.chess.com"]

[Event "Titled Tuesday Blitz March 21 Late 2023"]
[White "Makhnev, Denis"]
[Black "Bolanos, Fernando"]
[WhiteFideId "13707647"]
[BlackFideId "3304094"]
[WhiteElo "2525"]
[BlackElo "2166"]
[Result "1-0"]
[Round "09"]
[TimeControl "180+2"]
[Date "2023.03.21"]
[WhiteClock "0:00:19"]
[BlackClock "0:00:02"]

1. d4 Nf6 2. Nc3 d5 3. Bf4 c6 4. e3 Bf5 5. Bd3 g6 6. Nf3 Nbd7 7. h3 Bg7 8. Bxf5 gxf5 9. Qd3 e6 10. g4 fxg4 11. hxg4 Nxg4 12. Rxh7 Rxh7 13. Qxh7 Qf6 14. Ke2 Nf8 15. Qd3 Bh6 16. Rg1 Bxf4 17. Rxg4 Bd6 18. e4 Bb4 19. e5 Qh6 20. Qe3 Qxe3+ 21. Kxe3 Bxc3 22. bxc3 Ng6 23. Rg1 Rc8 24. Rh1 c5 25. Kd2 Rc6 26. Ng5 cxd4 27. cxd4 Rc4 28. Kd3 Nf8 29. Rh8 Ke7 30. Rg8 Rc7 31. Rg7 Ke8 32. f4 a6 33. a4 b5 34. axb5 axb5 35. c3 Ra7 36. Nh3 Ra3 37. Ng5 b4 38. Nxf7 Rxc3+ 39. Kd2 Rf3 40. Nd6+ Kd8 41. Nb7+ Ke8 42. Nd6+ Kd8 43. Rf7 Nd7 44. Ke2 Rc3 45. f5 1-0


[Site "https://www.chess.com"]

[Event "Titled Tuesday Blitz March 21 Late 2023"]
[White "Narayanan.S.L"]
[Black "Sivakumar, Shaaketh"]
[WhiteFideId "5058422"]
[BlackFideId "30940176"]
[WhiteElo "2547"]
[BlackElo "2174"]
[Result "1-0"]
[Round "09"]
[TimeControl "180+2"]
[Date "2023.03.21"]
[WhiteClock "0:02:33"]
[BlackClock "0:02:14"]

1. b3 e6 2. Bb2 Nf6 3. Nf3 b5 4. g4 Bb7 5. g5 Ne4 6. Rg1 d5 7. d3 Nd6 8. Nbd2 Rg8 9. e4 dxe4 10. dxe4 a6 11. Bd3 Nd7 12. Qe2 Nc5 13. O-O-O Nxd3+ 14. Qxd3 Qd7 15. Ne5 Qe7 16. f4 O-O-O 17. Qe3 Kb8 18. Kb1 Rh8 19. c4 bxc4 20. Ndxc4 h6 21. Nxd6 cxd6 22. Nc4 hxg5 23. Rxg5 f6 24. Rg2 f5 25. Ka1 Bxe4 26. Rgd2 Bd5 27. Rxd5 exd5 28. Qb6+ Qb7 29. Qxd8+ 1-0


[Site "https://www.chess.com"]

[Event "Titled Tuesday Blitz March 21 Late 2023"]
[White "Marjanovic, Annamaria"]
[Black "Wagner, Dennis"]
[WhiteFideId "750930"]
[BlackFideId "24650684"]
[WhiteElo "2212"]
[BlackElo "2470"]
[Result "1/2-1/2"]
[Round "09"]
[TimeControl "180+2"]
[Date "2023.03.21"]
[WhiteClock "0:00:15"]
[BlackClock "0:00:31"]

1. c4 Nf6 2. g3 e6 3. Bg2 d5 4. Nf3 dxc4 5. Qa4+ Bd7 6. Qxc4 c5 7. Ne5 Qc8 8. O-O Nc6 9. Nxd7 Qxd7 10. Nc3 Be7 11. d3 O-O 12. Be3 Rac8 13. Rac1 Nd4 14. a3 b5 15. Qa2 h5 16. Bxd4 cxd4 17. Ne4 Nd5 18. Qb1 h4 19. Rxc8 Rxc8 20. Rc1 Rc7 21. Nd2 Nb6 22. Nb3 e5 23. Rxc7 Qxc7 24. Qc1 Qxc1+ 25. Nxc1 Na4 26. b4 Nc3 27. Kf1 Nb1 28. Bc6 Nxa3 29. Na2 f5 30. Ke1 Nc2+ 31. Kd1 Nxb4 32. Nxb4 Bxb4 33. Bxb5 h3 34. Bd7 g6 35. g4 f4 36. g5 Be7 37. Bxh3 Bxg5 38. Be6+ Kf8 39. f3 Ke7 40. Bc8 Kd6 41. Kc2 Bh4 42. Kb3 Kc5 43. Be6 Be1 44. h3 g5 45. Bc4 Bd2 46. Be6 Bc3 47. Bd7 a5 48. Ba4 Kd6 49. Be8 Ke7 50. Bc6 Kf6 51. Bd7 Kg6 52. Be8+ Kh6 53. Ka4 Kg7 54. Kb3 Kf8 55. Bc6 Kf7 56. Bd7 Ke7 57. Bc6 Ke6 58. Bb5 Kf6 59. Bd7 Kg6 60. Be8+ Kg7 61. Bc6 Kh6 62. Be8 Kh7 63. Bd7 Kg8 64. Be8 Kf8 65. Bc6 Ke7 66. Bb5 Kd6 67. Be8 Kc7 68. Bb5 Kb6 69. Be8 Kc5 70. Ba4 Be1 71. Be8 Bf2 72. Ba4 Be3 73. Be8 Bd2 74. Ba4 Bb4 75. Be8 Kd6 76. Ba4 Ke7 77. Bb5 Kf6 78. Bc6 Kg6 79. Bd7 Kh5 80. Kc2 Kh4 81. Kd1 Kg3 82. Kc2 Kf2 83. Kd1 Ke3 84. Ba4 Bc5 85. Bb5 Bd6 86. Ba4 Bc7 87. Bb5 Bb6 88. Ba4 Bc5 89. Bb5 Bb4 90. Ba4 Kf2 91. Bb5 Kg2 92. Bd7 Kg3 93. Kc2 Kh4 94. Kd1 Bc3 95. Kc2 Kh5 96. Kb3 Kh4 97. Kc2 Kg3 1/2-1/2


[Site "https://www.chess.com"]

[Event "Titled Tuesday Blitz March 21 Late 2023"]
[White "Vovk, Orest"]
[Black "Yuan, Qingyu"]
[WhiteFideId "14113490"]
[BlackFideId "8609772"]
[WhiteElo "2215"]
[BlackElo "2359"]
[Result "1-0"]
[Round "09"]
[TimeControl "180+2"]
[Date "2023.03.21"]
[WhiteClock "0:00:05"]
[BlackClock "0:00:06"]

1. h4 d5 2. h5 e5 3. h6 Nxh6 4. d4 exd4 5. Bxh6 gxh6 6. Qxd4 Rg8 7. Nc3 Be6 8. O-O-O c6 9. Nf3 Nd7 10. Qf4 Bg7 11. e4 Bxc3 12. bxc3 Qf6 13. Qxf6 Nxf6 14. exd5 Bxd5 15. Rxh6 Rg6 16. Rxg6 hxg6 17. Nd2 O-O-O 18. f3 Nh5 19. c4 Be6 20. Bd3 Ng3 21. Nb3 b6 22. Kd2 Bxc4 23. Ke3 Bxd3 24. cxd3 Nf5+ 25. Kf4 c5 26. Ke5 Rd6 27. g4 Re6+ 28. Kf4 Ne3 29. Rh1 Nd5+ 30. Kg5 Re5+ 31. Kh6 Kd7 32. Kg7 Ke7 33. d4 Re3 34. dxc5 bxc5 35. Nxc5 Rxf3 36. Rd1 Nb6 37. Re1+ Kd6 38. Ne4+ Kc6 39. Nf6 Nd5 40. Rc1+ Kd6 41. Nxd5 Kxd5 42. Rc7 f5 43. g5 Ra3 44. Kxg6 Rxa2 45. Rf7 Rf2 46. Rxf5+ Rxf5 47. Kxf5 Kd6 48. Kf6 a5 49. g6 a4 50. g7 a3 51. g8=Q a2 52. Qxa2 1-0


[Site "https://www.chess.com"]

[Event "Titled Tuesday Blitz March 21 Late 2023"]
[White "Do Valle Cardoso, Lucas"]
[Black "Domingo Nunez, Alejandro"]
[WhiteFideId "2163144"]
[BlackFideId "22245561"]
[WhiteElo "2383"]
[BlackElo "2230"]
[Result "1/2-1/2"]
[Round "09"]
[TimeControl "180+2"]
[Date "2023.03.21"]
[WhiteClock "0:00:02"]
[BlackClock "0:00:01"]

1. e4 g6 2. d4 Bg7 3. Nc3 c6 4. Be3 d5 5. h3 dxe4 6. Nxe4 Nf6 7. Nxf6+ exf6 8. Qd2 O-O 9. O-O-O Be6 10. Kb1 b5 11. Bh6 Qd5 12. b3 Rd8 13. Bxg7 Kxg7 14. Ne2 Nd7 15. Nf4 Qd6 16. g4 Bd5 17. Rg1 Nb6 18. h4 a5 19. h5 a4 20. hxg6 hxg6 21. g5 fxg5 22. Rxg5 axb3 23. cxb3 Be4+ 24. Ka1 Rxa2+ 25. Qxa2 Ra8 26. Re5 Rxa2+ 27. Kxa2 Qb4 28. Rxe4 Na4 29. Ne2 Nc5 30. Re3 Na6 31. Nc1 Qa5+ 32. Kb1 Nb4 33. Re2 Nd5 34. Na2 Qa3 35. Rb2 Qd6 36. Bg2 Nf4 37. Be4 Ne6 38. d5 Ng5 39. Bg2 c5 40. Nc3 b4 41. Ne4 Nxe4 42. Bxe4 f5 43. Bg2 Kf6 44. Re2 Kg5 45. Bf3 Qf4 46. Re3 Qd6 47. Kc2 Kf4 48. Rh1 g5 49. Rd1 g4 50. Bg2 Kg5 51. Rd2 Kf4 52. Re6 Qd7 53. d6 Qa7 54. d7 Qa2+ 55. Kd1 Qxb3+ 56. Ke2 Qxe6+ 57. Kd1 Qb3+ 58. Ke1 Qe6+ 59. Kf1 Qc4+ 60. Ke1 Qe6+ 61. Kd1 Qb3+ 62. Ke2 Qe6+ 63. Kd1 1/2-1/2


[Site "https://www.chess.com"]

[Event "Titled Tuesday Blitz March 21 Late 2023"]
[White "Shohat, Yotam"]
[Black "Sai Krishna G V"]
[WhiteFideId "2813955"]
[BlackFideId "5028280"]
[WhiteElo "2226"]
[BlackElo "2359"]
[Result "1/2-1/2"]
[Round "09"]
[TimeControl "180+2"]
[Date "2023.03.21"]
[WhiteClock "0:00:03"]
[BlackClock "0:00:22"]

1. e4 c5 2. Nf3 d6 3. d4 cxd4 4. Nxd4 Nf6 5. Nc3 Nc6 6. Bc4 Bd7 7. Bb3 Rc8 8. f3 g6 9. Bg5 Bg7 10. Qd2 O-O 11. Nxc6 bxc6 12. O-O-O c5 13. e5 Ne8 14. Nd5 c4 15. Bxe7 cxb3 16. axb3 Rxc2+ 17. Qxc2 Qb8 18. g4 dxe5 19. Kb1 Be6 20. Rd2 Qb7 21. Bxf8 Bxf8 22. Rhd1 Kg7 23. b4 f6 24. Qc3 Kf7 25. g5 fxg5 26. Qxe5 Bg7 27. Qe3 Bf5+ 28. Ka2 Nd6 29. Qb3 Be6 30. Ka1 Qa6+ 31. Kb1 Bf5+ 32. Rd3 Kf8 33. Ne3 Bxd3+ 34. Qxd3 Qxd3+ 35. Rxd3 Ke7 36. Nd5+ Kd7 37. Nc3 Kc6 38. Ne4 Nxe4 39. fxe4 Be5 40. Rd5 Bxh2 41. Rxg5 Bf4 42. Rg4 g5 43. Kc2 h5 44. Rg1 h4 45. Kd3 h3 46. Ke2 h2 47. Rh1 g4 48. Kf2 Kb5 49. Kg2 Kxb4 50. Ra1 a5 51. Rd1 Be5 52. Rd5 Bxb2 53. e5 a4 54. e6 Bf6 55. Rf5 Bh4 56. Rf7 a3 57. e7 Bxe7 58. Rxe7 g3 59. Rb7+ Kc3 60. Ra7 Kb3 61. Rb7+ Kc2 62. Rc7+ Kb2 63. Rb7+ Ka1 64. Ra7 Ka2 65. Rb7 Ka1 66. Rb6 a2 67. Rb7 h1=N 68. Kxh1 g2+ 69. Kg1 1/2-1/2


[Site "https://www.chess.com"]

[Event "Titled Tuesday Blitz March 21 Late 2023"]
[White "Urbina Perez, Juan Antonio"]
[Black "Jessel, Stephen"]
[WhiteFideId "2217368"]
[BlackFideId "628859"]
[WhiteElo "2197"]
[BlackElo "2268"]
[Result "0-1"]
[Round "09"]
[TimeControl "180+2"]
[Date "2023.03.21"]
[WhiteClock "0:01:25"]
[BlackClock "0:01:47"]

1. c4 e6 2. g3 d5 3. Bg2 c6 4. Nf3 dxc4 5. O-O b5 6. b3 cxb3 7. axb3 Bb7 8. Qc2 c5 9. d3 Nd7 10. Nc3 a6 11. Be3 Ngf6 12. Rfc1 Rc8 13. Qb2 Be7 14. Ne4 Nxe4 15. dxe4 Bf6 16. e5 Nxe5 17. Nxe5 Bxg2 18. Rxa6 Bb7 19. Ra2 Qd5 20. f3 Qxe5 21. Qxe5 Bxe5 22. Bxc5 Rxc5 23. Rxc5 Bd4+ 0-1


[Site "https://www.chess.com"]

[Event "Titled Tuesday Blitz March 21 Late 2023"]
[White "Ambartsumova, Karina"]
[Black "aidenzhouu"]
[WhiteFideId "4166299"]
[WhiteElo "2300"]
[BlackElo "2471"]
[Result "1/2-1/2"]
[Round "09"]
[TimeControl "180+2"]
[Date "2023.03.21"]
[WhiteClock "0:00:02"]
[BlackClock "0:00:05"]

1. e4 c6 2. Ne2 d5 3. e5 c5 4. d4 Nc6 5. c3 Bf5 6. dxc5 Nxe5 7. Nd4 Bd7 8. Be2 e6 9. b4 Nf6 10. O-O Be7 11. Nd2 O-O 12. N2b3 Nc6 13. b5 Na5 14. Ba3 Nc4 15. Bb4 e5 16. Nf3 Bxb5 17. a4 Ba6 18. Re1 e4 19. Nfd4 Nb2 20. Qc2 Bxe2 21. Qxb2 Bd3 22. Rad1 Rc8 23. a5 Nd7 24. c6 bxc6 25. Bxe7 Qxe7 26. Rxd3 c5 27. Nf5 Qf6 28. Rxd5 Ne5 29. Ng3 Nd3 30. Qd2 Nxe1 31. Qxe1 Qe6 32. c4 f5 33. h3 g6 34. Nxc5 Qe7 35. Nd7 Rfd8 36. Qd2 Qe6 37. Ne2 Kf7 38. Nf4 Qe7 39. Ne5+ Ke8 40. Qd4 Rxd5 41. cxd5 Rc1+ 42. Kh2 Qg5 43. g3 Qd8 44. d6 Qxa5 45. d7+ Ke7 46. Nd5+ Kd8 47. Nf4 Ke7 48. Nd5+ Kd8 49. Nf4 Ke7 1/2-1/2


[Site "https://www.chess.com"]

[Event "Titled Tuesday Blitz March 21 Late 2023"]
[White "Sielecki, Christof"]
[Black "drdaro"]
[WhiteFideId "4620437"]
[WhiteElo "2443"]
[BlackElo "2417"]
[Result "1/2-1/2"]
[Round "09"]
[TimeControl "180+2"]
[Date "2023.03.21"]
[WhiteClock "0:00:21"]
[BlackClock "0:01:17"]

1. e4 g6 2. d4 Nf6 3. e5 Nh5 4. Nf3 d6 5. Bc4 d5 6. Be2 Ng7 7. c4 dxc4 8. Bxc4 c6 9. Qb3 Ne6 10. O-O Bg7 11. Rd1 O-O 12. Nc3 Nd7 13. Bxe6 fxe6 14. Ng5 Nb6 15. Nxe6 Bxe6 16. Qxe6+ Kh8 17. Be3 Rc8 18. Rac1 Nd5 19. Nxd5 Qxd5 20. Qxd5 cxd5 21. Kf1 Kg8 22. Ke2 e6 23. Rxc8 Rxc8 24. Rc1 Rxc1 25. Bxc1 Kf7 26. g4 Ke7 27. f4 Kd7 28. Bd2 Bf8 29. Kf3 Be7 30. Kg3 Kc6 31. b3 Kd7 32. h4 h5 33. f5 exf5 34. gxf5 gxf5 35. Bg5 Bxg5 36. hxg5 Ke6 37. g6 Ke7 38. a4 a5 39. Kf3 h4 40. Kf4 Ke6 41. Kf3 Ke7 42. Kf4 Ke6 43. Kf3 Ke7 1/2-1/2


[Site "https://www.chess.com"]

[Event "Titled Tuesday Blitz March 21 Late 2023"]
[White "Toktomushev, Teimur"]
[Black "Filgueira, Hernan"]
[WhiteFideId "14176726"]
[BlackFideId "101770"]
[WhiteElo "2116"]
[BlackElo "2363"]
[Result "1/2-1/2"]
[Round "09"]
[TimeControl "180+2"]
[Date "2023.03.21"]
[WhiteClock "0:00:52"]
[BlackClock "0:01:57"]

1. d4 d5 2. c4 e6 3. Nc3 c6 4. e3 Nf6 5. Nf3 a6 6. c5 Nbd7 7. Be2 e5 8. dxe5 Ne4 9. e6 Ndxc5 10. exf7+ Kxf7 11. Nxe4 Nxe4 12. O-O Bd6 13. Nd2 Bf5 14. Nxe4 Bxe4 15. f3 Bg6 16. e4 Qh4 17. g3 Bxg3 18. hxg3 Qxg3+ 19. Kh1 Qh3+ 20. Kg1 Qg3+ 21. Kh1 Qh3+ 22. Kg1 Qg3+ 1/2-1/2


[Site "https://www.chess.com"]

[Event "Titled Tuesday Blitz March 21 Late 2023"]
[White "Torres Dominguez, David"]
[Black "Ismagilov, Damir"]
[WhiteFideId "2220857"]
[BlackFideId "34199982"]
[WhiteElo "1999"]
[BlackElo "2078"]
[Result "0-1"]
[Round "09"]
[TimeControl "180+2"]
[Date "2023.03.21"]
[WhiteClock "0:00:48"]
[BlackClock "0:01:44"]

1. e4 e6 2. d4 d5 3. exd5 exd5 4. Bd3 Bd6 5. Qf3 Nc6 6. Ne2 Nf6 7. h3 Be6 8. Bf4 Bxf4 9. Qxf4 Nb4 10. Qd2 Nxd3+ 11. Qxd3 Qd7 12. Nbc3 O-O 13. O-O Bf5 14. Qd2 Rfe8 15. Rae1 c6 16. f3 Re7 17. Nd1 Rae8 18. c3 Qd6 19. Nc1 Rxe1 20. Rxe1 Rxe1+ 21. Qxe1 h5 22. Ne3 Bg6 23. Nf1 a5 24. Qe3 a4 25. a3 Nd7 26. Qe8+ Kh7 27. Ne2 Nf8 28. Qe3 Ne6 29. g3 b6 30. Nf4 Nxf4 31. Qxf4 Qxf4 32. gxf4 Bf5 33. Kg2 h4 34. Ne3 Kg6 35. Kh2 Be6 36. Kg2 Kf6 37. Kh2 c5 38. Kg2 g5 39. fxg5+ Kxg5 40. Ng4 Bxg4 41. fxg4 Kf4 42. Kf2 c4 43. Kg2 Ke3 44. Kg1 Kf3 45. Kh2 Kf2 46. g5 b5 47. Kh1 Kg3 0-1


[Site "https://www.chess.com"]

[Event "Titled Tuesday Blitz March 21 Late 2023"]
[White "Bolourchifard, Farzad"]
[Black "Sztokbant, Bernardo Vainzoff"]
[WhiteFideId "12510084"]
[BlackFideId "2115956"]
[WhiteElo "2317"]
[BlackElo "2222"]
[Result "1-0"]
[Round "09"]
[TimeControl "180+2"]
[Date "2023.03.21"]
[WhiteClock "0:00:48"]
[BlackClock "0:00:01"]

1. e4 c5 2. Nc3 Nc6 3. g3 g6 4. Bg2 Bg7 5. d3 e6 6. Be3 b6 7. Qd2 h6 8. Nge2 Nge7 9. O-O e5 10. f4 d6 11. f5 Ng8 12. fxg6 fxg6 13. Nd5 Be6 14. c3 Qd7 15. d4 exd4 16. cxd4 O-O-O 17. Ndf4 Bg4 18. h3 Bxe2 19. Nxe2 Nf6 20. a4 Rhe8 21. Nc3 Na5 22. Qd3 c4 23. Qc2 Nb3 24. Rad1 Nh5 25. Kh2 Kb8 26. Qe2 Rc8 27. g4 Nf6 28. e5 dxe5 29. dxe5 Qc7 30. Qf3 Qxe5+ 31. Bf4 Qxf4+ 32. Qxf4+ 1-0


[Site "https://www.chess.com"]

[Event "Titled Tuesday Blitz March 21 Late 2023"]
[White "Kashefi, Amir Hosein"]
[Black "Aldokhin, Ivan"]
[WhiteFideId "12557935"]
[BlackFideId "24115720"]
[WhiteElo "2078"]
[BlackElo "2322"]
[Result "0-1"]
[Round "09"]
[TimeControl "180+2"]
[Date "2023.03.21"]
[WhiteClock "0:00:01"]
[BlackClock "0:00:14"]

1. d4 Nf6 2. c4 g6 3. Nf3 Bg7 4. g3 d6 5. Bg2 O-O 6. O-O Bf5 7. Nc3 Ne4 8. Nd2 Nxc3 9. bxc3 c6 10. e4 Bd7 11. Rb1 Qc7 12. f4 c5 13. e5 Nc6 14. Bb2 Rad8 15. Qe2 dxe5 16. fxe5 cxd4 17. cxd4 Bf5 18. Nf3 Bxb1 19. Rxb1 Qb6 20. c5 Qb4 21. Qe4 e6 22. Bc1 Qa4 23. Be3 Nb4 24. d5 a5 25. d6 Qxa2 26. h4 Nd5 27. Bg5 Nc3 28. Qd3 Qxb1+ 29. Qxb1 Nxb1 30. Nd4 Rc8 31. Bxb7 Rxc5 32. d7 Bxe5 33. Nxe6 fxe6 34. Be7 Bd4+ 0-1


[Site "https://www.chess.com"]

[Event "Titled Tuesday Blitz March 21 Late 2023"]
[White "Shapiro, Viktor"]
[Black "Matinian, Nikita"]
[WhiteFideId "4175700"]
[BlackFideId "24129100"]
[WhiteElo "2152"]
[BlackElo "2422"]
[Result "0-1"]
[Round "09"]
[TimeControl "180+2"]
[Date "2023.03.21"]
[WhiteClock "0:00:37"]
[BlackClock "0:00:58"]

1. c4 e5 2. Nc3 Nc6 3. g3 g6 4. Bg2 Bg7 5. d3 d6 6. Nf3 Nf6 7. Rb1 a5 8. a3 O-O 9. O-O h6 10. b4 axb4 11. axb4 Be6 12. b5 Ne7 13. Nd2 d5 14. Qb3 e4 15. dxe4 dxc4 16. Nxc4 Qd4 17. Nd5 Nexd5 18. exd5 Bxd5 19. Bxd5 Qxd5 20. Rd1 Qh5 21. f3 Rfe8 22. e4 Nxe4 23. fxe4 Rxe4 24. Be3 Qe2 25. Rbc1 Ra2 26. Rd2 Rxd2 27. Bxd2 Bd4+ 28. Kh1 Rh4 29. gxh4 Qe4+ 0-1


[Site "https://www.chess.com"]

[Event "Titled Tuesday Blitz March 21 Late 2023"]
[White "Jaferian, Koosha"]
[Black "Miszler, Levente"]
[WhiteFideId "12507440"]
[BlackFideId "763276"]
[WhiteElo "2107"]
[BlackElo "2176"]
[Result "1-0"]
[Round "09"]
[TimeControl "180+2"]
[Date "2023.03.21"]
[WhiteClock "0:00:59"]
[BlackClock "0:01:18"]

1. d4 Nf6 2. c4 e6 3. Nf3 b6 4. g3 Bb7 5. Bg2 Be7 6. O-O O-O 7. Nc3 Ne4 8. Nxe4 Bxe4 9. Ne1 Bxg2 10. Nxg2 d6 11. e4 Nd7 12. Be3 e5 13. d5 f5 14. exf5 Rxf5 15. f4 Qf8 16. Qd3 g6 17. Rae1 Re8 18. Qa3 a5 19. Qa4 Nc5 20. Bxc5 bxc5 21. fxe5 dxe5 22. Rxf5 gxf5 23. Rxe5 Rb8 24. Qc2 Qg7 25. Qxf5 Bd6 26. Re2 Rxb2 27. Qe6+ Kh8 28. Qe8+ Bf8 29. Rxb2 1-0


[Site "https://www.chess.com"]

[Event "Titled Tuesday Blitz March 21 Late 2023"]
[White "JackRodgers"]
[Black "benny_aizenberg"]
[WhiteElo "2491"]
[BlackElo "2619"]
[Result "1-0"]
[Round "09"]
[TimeControl "180+2"]
[Date "2023.03.21"]
[WhiteClock "0:00:52"]
[BlackClock "0:00:04"]

1. d4 d5 2. c4 e5 3. Nc3 dxc4 4. d5 Nf6 5. e4 b5 6. Bg5 Bb4 7. Nf3 Nbd7 8. Rc1 h6 9. Bh4 O-O 10. Qc2 a6 11. Be2 Bb7 12. O-O c6 13. dxc6 Bxc6 14. Rfd1 Bxc3 15. Bxf6 Qxf6 16. Qxc3 Rfe8 17. Nd2 Nc5 18. Qe3 Ne6 19. b3 Nf4 20. bxc4 b4 21. c5 a5 22. Nc4 Qg6 23. Bf3 Red8 24. Nxe5 Qf6 25. Nxc6 Rxd1+ 26. Rxd1 Ng6 27. e5 Qh4 28. Ne7+ Qxe7 29. Bxa8 Nxe5 30. Re1 f6 31. f4 Qa7 32. Bd5+ Nf7 33. Qe8+ Kh7 34. Qxf7 Qxc5+ 35. Kh1 Qc3 36. Be4+ f5 37. Bxf5+ Kh8 38. Qe8# 1-0


[Site "https://www.chess.com"]

[Event "Titled Tuesday Blitz March 21 Late 2023"]
[White "Di Berardino, Diego Rafael"]
[Black "Khandelwal, Ankush"]
[WhiteFideId "2105446"]
[BlackFideId "413470"]
[WhiteElo "2432"]
[BlackElo "2263"]
[Result "1/2-1/2"]
[Round "09"]
[TimeControl "180+2"]
[Date "2023.03.21"]
[WhiteClock "0:00:07"]
[BlackClock "0:00:07"]

1. d4 Nf6 2. Bf4 g6 3. e3 Bg7 4. Nf3 O-O 5. Be2 c5 6. c3 b6 7. Nbd2 Bb7 8. O-O d6 9. h3 Nbd7 10. Bh2 a6 11. a4 Qc7 12. Bd3 Rfe8 13. e4 e5 14. dxe5 Nxe5 15. Nxe5 dxe5 16. Qe2 Nh5 17. Nc4 b5 18. Ne3 c4 19. Bc2 Nf4 20. Qf3 f5 21. Rfd1 Nd3 22. Bxd3 cxd3 23. Nd5 Qf7 24. Rxd3 fxe4 25. Qxe4 Rad8 26. Rad1 Rd6 27. axb5 axb5 28. b3 Rc8 29. c4 bxc4 30. bxc4 Rdc6 31. Bxe5 Rxc4 32. Qe2 Re8 33. f4 Bxd5 34. Rxd5 Rxf4 35. Rd8 Rf5 36. Bxg7 Rxd8 37. Rxd8+ Kxg7 38. Re8 Qa7+ 39. Kh1 Qa1+ 40. Kh2 Qd4 41. Re7+ Kh6 42. Re4 Qd6+ 43. Kg1 Qb6+ 44. Kh2 Qd6+ 45. Kg1 Qb6+ 46. Qe3+ Qxe3+ 47. Rxe3 Rg5 48. Kh2 Rf5 49. h4 Rh5 50. Kh3 Rf5 51. Re7 Rf1 52. g4 Rh1+ 53. Kg3 Rg1+ 54. Kf3 Rf1+ 55. Kg2 Rf4 56. g5+ Kh5 57. Rxh7+ Kg4 58. Rh6 Rf5 59. Rh8 Ra5 60. Kf2 Ra2+ 61. Ke3 Ra3+ 62. Ke4 Ra4+ 63. Ke5 Ra6 64. Rh6 Kg3 65. h5 Ra5+ 66. Kf6 Ra6+ 67. Kg7 Kg4 68. Rxg6 Ra7+ 69. Kf6 Kxh5 70. Rg8 Ra6+ 71. Ke5 Ra5+ 72. Kf6 Ra6+ 73. Kf7 Ra7+ 74. Kf6 Ra6+ 1/2-1/2


[Site "https://www.chess.com"]

[Event "Titled Tuesday Blitz March 21 Late 2023"]
[White "Bilan, Danila"]
[Black "Poliakova, Varvara"]
[WhiteFideId "24161918"]
[BlackFideId "13518313"]
[WhiteElo "2182"]
[BlackElo "2075"]
[Result "0-1"]
[Round "09"]
[TimeControl "180+2"]
[Date "2023.03.21"]
[WhiteClock "0:00:02"]
[BlackClock "0:01:58"]

1. d4 e5 2. dxe5 d6 3. Nf3 Nc6 4. g3 Bg4 5. Bg2 dxe5 6. Qxd8+ Rxd8 7. O-O Nf6 8. Bg5 Be7 9. Nc3 O-O 10. h3 Bf5 11. Bxf6 Bxf6 12. e4 Be6 13. Rad1 Nb4 14. Rc1 a5 15. a3 Na6 16. Rcd1 Nc5 17. Nd5 Bxd5 18. exd5 e4 19. Nd2 Bxb2 20. Nxe4 Nxe4 21. Bxe4 Bxa3 22. Ra1 Bb4 23. Rfc1 Bc3 24. Rab1 b6 25. Rb3 Bd4 26. c3 Bc5 27. Ra1 f6 28. Kg2 f5 29. Bf3 g6 30. Ra4 Rfe8 31. Rb1 Kg7 32. h4 Kf6 33. Rc4 Re5 34. Ra4 Rexd5 35. Bxd5 Rxd5 36. h5 Rd2 37. hxg6 Rxf2+ 38. Kh3 hxg6 39. Rd1 g5 40. c4 g4+ 0-1


[Site "https://www.chess.com"]

[Event "Titled Tuesday Blitz March 21 Late 2023"]
[White "Medina Paz, Miguel"]
[Black "Fernandez, Maria Florencia"]
[WhiteFideId "7300379"]
[BlackFideId "116459"]
[WhiteElo "2428"]
[BlackElo "2155"]
[Result "1-0"]
[Round "09"]
[TimeControl "180+2"]
[Date "2023.03.21"]
[WhiteClock "0:00:39"]
[BlackClock "0:00:01"]

1. d4 Nf6 2. c4 g6 3. Nc3 Bg7 4. e4 d6 5. f4 O-O 6. Nf3 e5 7. fxe5 dxe5 8. d5 c6 9. Be2 cxd5 10. cxd5 Nbd7 11. O-O Nh5 12. g3 Nhf6 13. Kg2 h6 14. Be3 Ng4 15. Bg1 f5 16. Nh4 Qg5 17. Bxg4 fxg4 18. Qe2 Nf6 19. Bc5 Rf7 20. Rf2 Qh5 21. Raf1 Bd7 22. a4 b6 23. Be3 Raf8 24. Qa6 Bc8 25. Qc4 Kh7 26. d6 g5 27. Nf5 Bxf5 28. Rxf5 Qg6 29. Qe6 Nh5 30. Qxg6+ Kxg6 31. Nd5 Rxf5 32. Ne7+ Kh7 33. Nxf5 Rd8 34. Rc1 Kg6 35. Rc7 Nf6 36. Rxg7+ Kh5 37. Re7 Nxe4 38. Re6 1-0


[Site "https://www.chess.com"]

[Event "Titled Tuesday Blitz March 21 Late 2023"]
[White "Rastbod, Ali"]
[Black "Kovalevsky, Stanislav"]
[WhiteFideId "12567477"]
[BlackFideId "13508598"]
[WhiteElo "2211"]
[BlackElo "2174"]
[Result "1-0"]
[Round "09"]
[TimeControl "180+2"]
[Date "2023.03.21"]
[WhiteClock "0:00:30"]
[BlackClock "0:00:19"]

1. e4 e6 2. d4 d5 3. Bd3 c5 4. exd5 exd5 5. Nf3 Nf6 6. O-O Nc6 7. Re1+ Be6 8. Ng5 Qd7 9. Nxe6 fxe6 10. c3 cxd4 11. cxd4 Nxd4 12. Nc3 Bb4 13. Bxh7 Rxh7 14. Qxd4 Bd6 15. h3 Kf7 16. Bg5 a6 17. Rad1 Rc8 18. Bxf6 gxf6 19. Nxd5 Be5 20. Qe4 Rg7 21. Nxf6 Qb5 22. Ng4 Rxg4 23. Qxg4 Rc6 24. Rd7+ Ke8 25. Rh7 Qb4 26. Qg8+ Qf8 27. Qxf8+ Kxf8 28. Rxe5 1-0


[Site "https://www.chess.com"]